 Dungeon Crawl Stone Soup version 0.17-a0-1575-g9a29ec8 (webtiles) character file.

96 nrokreffefp the Chucker (level 4, -3/26 HPs)
             Began as a Kobold Hunter on July 26, 2015.
             Slain by an orc
             ... wielding a +0 trident
              (8 damage)
             ... on level 3 of the Dungeon.
             The game lasted 00:10:59 (2752 turns).

nrokreffefp the Chucker (Kobold Hunter)             Turns: 2752, Time: 00:10:59

Health: -3/26      AC:  4    Str: 10    XL:     4   Next: 98%
Magic:  4/4        EV: 15    Int:  9    God:
Gold:   124        SH:  0    Dex: 17    Spells: 0 memorised, 3 levels left

rFire  . . .     SeeInvis .     c - +0 short sword
rCold  . . .     Clarity  .     d - +1 leather armour
rNeg   . . .     SustAt   .     (shield restricted)
rPois  .         Gourm    .     (no helmet)
rElec  .         Spirit   .     (no cloak)
rCorr  .         Warding  .     (no gloves)
rMut   .         Stasis   .     (no boots)
MR     .....                    (no amulet)
Stlth  ++........               (no ring)
                                (no ring)

@: not resistant to hostile enchantments, unstealthy
A: carnivore 3
a: no special abilities


You were on level 3 of the Dungeon.
You were not hungry.

You visited 1 branch of the dungeon, and saw 3 of its levels.

You collected 124 gold pieces.

Inventory:

Hand weapons
 c - a +0 short sword (weapon)
Missiles
 a - 6 tomahawks
 b - 2 throwing nets
 m - 18 stones (quivered)
Armour
 d - a +1 leather armour (worn)
Jewellery
 l - an uncursed ring of wizardry {unknown}
 r - an uncursed ring of poison resistance {unknown}
Scrolls
 n - a scroll of blinking {unknown}
 p - a scroll of teleportation
 s - a scroll of amnesia {unknown}
 v - a scroll of remove curse {unknown}
Potions
 h - a potion of curing
 o - a potion of heal wounds {unknown}
 w - a potion of agility {unknown}
 x - a potion of cancellation {unknown}
 A - a potion of poison {unknown}
Books
 t - a book of Envenomations

   Spells                             Type                      Level
   a - Spider Form                    Transmutation/Poison         3
   b - Alistair's Intoxication        Transmutation/Poison         4
   c - Olgreb's Toxic Radiance        Poison                       4
   d - Poisonous Cloud                Conjuration/Poison/Air       6
Comestibles
 e - a meat ration
 g - a slice of pizza
 j - 2 bread rations
 q - a beef jerky
 u - 2 fruits


   Skills:
 - Level 2.1 Fighting
 + Level 3.2 Short Blades
 + Level 6.9 Throwing
 - Level 2.4 Dodging
 - Level 1.3 Stealth


You had 3 spell levels left.
You didn't know any spells.

Dungeon Overview and Level Annotations

Branches:
Dungeon (3/15)

Altars:
Nemelex Xobeh

Annotations:
D:3 Sigmund


Innate Abilities, Weirdness & Mutations

You are small and have problems with some larger weapons.
You are carnivorous and can eat meat at any time.


Message History

The stone barely misses the orc.
The stone hits the orc but does no damage.
You closely miss the orc. The orc completely misses you.
You closely miss the orc. The orc hits you with a flail!
You hit the orc but do no damage. The orc barely misses you.
The orc misses you. The orc closely misses you. The orc barely misses you.
You hit the orc.
The orc is heavily wounded.
You hit the orc but do no damage.
The orc is heavily wounded.
The orc hits you from afar with a trident.
The orc completely misses you.
You closely miss the orc.
The orc is heavily wounded.
The orc hits you.
* * * LOW HITPOINT WARNING * * *
The orc hits you from afar with a trident!
You die...

**#####...########(.# *,,,,,***,
**#§###...#.§§§§##..# *****,,,,,
**§§§##...#§§§§§##..# *****,
*,§.§§#...#§§§§.##..# *,
**§.§##.>.#§.§.§##..#***********,
**#§###...#§§§§§##..#,,,,,,,,,,,,
**#####...########..#,,,,,,,,,,,,
**#####'''########o.#,,,,,,,,,,,,
#.........@oo.#,,,,,,,,,,,,
#.........##.##,,,,,,,,,,,,
###.......##.#*,,,,,,,****<
#.......####*,,,,,,,* **
######### *,,,,,,,* *,*≈≈,,,* *
*≈≈≈≈≈*,***** **≈*≈,*,**,,,
*≈≈***,**,**


You could see 3 orcs.

Vanquished Creatures
  3 gnolls (D:3)
  An adder (D:3)
  An ooze (D:1)
  A worm (D:2)
  4 orcs
  8 bats
  4 giant cockroaches
  4 goblins
  A hobgoblin (D:1)
  4 jackals
  A giant gecko (D:1)
  3 giant newts (D:2)
  5 kobolds
  13 rats
53 creatures vanquished.

Notes
Turn   | Place    | Note
--------------------------------------------------------------
     0 | D:1      | nrokreffefp the Kobold Hunter began the quest for the Orb.
     0 | D:1      | Reached XP level 1. HP: 12/12 MP: 1/1
    83 | D:1      | Reached skill level 1 in Short Blades
   187 | D:1      | Reached XP level 2. HP: 14/17 MP: 2/2
   719 | D:1      | Reached skill level 6 in Throwing
   719 | D:1      | Reached XP level 3. HP: 16/21 MP: 3/3
   986 | D:2      | Found a faded altar to an unknown god.
  1596 | D:3      | Reached XP level 4. HP: 19/26 MP: 4/4
  1997 | D:3      | Noticed Sigmund
  2684 | D:3      | Found a sparkling altar of Nemelex Xobeh.
  2752 | D:3      | Slain by an orc

Vault maps used:
D:1:      lightli_molten_gateway, serial_glass, glass_columns_b,
          glass_columns_a, glass_columns_b, glass_columns_a, glass_columns_b,
          patterned_corridor
D:2:      ecumenical_altar_2
D:3:      first_bread, serial_bayou_pond_d, nemelex_altar_shiori, uniq_sigmund

Action                   |  1- 3 |  4- 6 || total
-------------------------+-------+-------++-------
Melee: Short sword       |   142 |    60 ||   202
Throw: Tomahawk          |     6 |     4 ||    10
       Stone             |     9 |    39 ||    48
  Use: Scroll            |       |     4 ||     4
       Potion            |       |     1 ||     1
 Stab: Sleeping          |     2 |       ||     2
  Eat: Chunk             |     1 |     2 ||     3
       Meat ration       |       |     1 ||     1
